 Dungeon Crawl Stone Soup version 0.29-a0-359-g541a27f54d (webtiles) character file.

Game seed: 653457116942825406

417 Morbidden the Chopper (level 6, 0/48 HPs)
             Began as a Demonspawn Fighter on Apr 27, 2022.
             Slain by an orc
             ... wielding a +0 hand axe
              (2 damage)
             ... on level 5 of the Dungeon.
             The game lasted 00:03:55 (4132 turns).

Morbidden the Chopper (Demonspawn Fighter)          Turns: 4132, Time: 00:03:56

Health: 0/48       AC: 13    Str: 18    XL:     6   Next: 61%
Magic:  6/7        EV:  7    Int: 19    God:
Gold:   203        SH:  4    Dex: 12    Spells: 3/6 levels left

rFire   . . .      SeeInvis .   b - +1 war axe (elec)
rCold   . . .      Faith    .   c - +0 buckler
rNeg    . . .      Spirit   .   o - +0 chain mail
rPois   .          Reflect  .   s - +2 helmet {Int+3}
rElec   .          Harm     .   (no cloak)
rCorr   +          Rampage  .   l - +0 pair of gloves
Will    .....                   (no boots)
Stlth   ..........              (no amulet)
HPRegen 0.16/turn               e - ring of resist corrosion
MPRegen 0.10/turn               u - +6 ring of intelligence

@: no status effects
A: demonic guardian 1, foul stench 1, weakness stinger 1
a: no special abilities


You were on level 5 of the Dungeon.
You visited 1 branch of the dungeon, and saw 5 of its levels.

You collected 203 gold pieces.

Inventory:

Hand Weapons
 a - a +0 war axe
 b - a +1 war axe of electrocution (weapon)
Missiles
 w - 18 poisoned darts (quivered)
 C - 2 throwing nets
Armour
 c - a +0 buckler (worn)
 l - a +0 pair of gloves (worn)
 o - a +0 chain mail (worn)
 s - a +2 helmet of intelligence (worn)
Jewellery
 e - a ring of resist corrosion (left hand)
 u - a +6 ring of intelligence (right hand)
 v - a ring of wizardry
Wands
 z - a wand of polymorph (3)
Scrolls
 f - a scroll of amnesia {unknown}
 h - 4 scrolls of blinking {unknown}
 j - 3 scrolls of immolation {unknown}
 k - a scroll of teleportation {unknown}
 m - 2 scrolls of fear {unknown}
 p - 2 scrolls of identify {unknown}
 q - a scroll of brand weapon {unknown}
 r - a scroll of vulnerability {unknown}
 y - a scroll of enchant weapon {unknown}
 A - a scroll of acquirement {unknown}
Potions
 d - 6 potions of might
 g - 2 potions of berserk rage {unknown}
 i - 3 potions of curing
 n - a potion of brilliance {unknown}
 t - 2 potions of degeneration {unknown}
 x - 2 potions of ambrosia {unknown}
 B - a potion of mutation {unknown}
 D - a potion of haste {unknown}
 E - a potion of heal wounds {unknown}


   Skills:
 * Level 3.9 Fighting
 * Level 4.6 Axes
 + Level 3.7 Armour
 * Level 1.0 Dodging
 + Level 0.3 Stealth
 + Level 3.3 Shields
 * Level 0.6 Spellcasting
 * Level 0.7 Necromancy


You had 3 spell levels left.
You knew the following spells:

 Your Spells              Type           Power      Damage    Failure   Level
a - Vampiric Draining     Necr           3%         2d6       100%        3

Your spell library contained the following spells:

 Spells                   Type           Power      Damage    Failure   Level
 Animate Skeleton         Necr           6%         N/A       93%         1
 Pain                     Necr           12%        1d4       93%         1
 Magic Dart               Conj           0%         1d3       97%         1
 Call Imp                 Summ           0%         N/A       99%         2
 Mephitic Cloud           Conj/Pois/Air  0%         N/A       100%        3
 Tukima's Dance           Hex            0%         N/A       100%        3
 Passage of Golubria      Tloc           0%         N/A       100%        4
 Yara's Violent Unravell  Hex/Tmut       0%         3d3       100%        5


Dungeon Overview and Level Annotations

Branches:
Dungeon (5/15)
 Temple: D:4-7

Altars:
Kikubaaqudgha
Makhleb

Annotations:
D:5 Edmund


Innate Abilities, Weirdness & Mutations

A weak demonic guardian rushes to your aid.
You may rarely emit foul miasma when damaged in melee.
You have a small tail.


Message History

Something hits you but does no damage.
Unknown command.
Unknown command.
The orc hits you but does no damage.
You hear some strange, mumbled words.
You are more confused.
There is a stone staircase leading up here.
Unknown command.
Unknown command.
It was a potion of curing.
You feel better. You block the orc's attack.
Edmund hits you but does no damage.
Unknown command.
You barely miss Edmund. You closely miss something.
You hit the orc but do no damage. The orc hits you but does no damage.
Edmund hits you but does no damage.
Unknown command.
You closely miss Edmund. You hit something but do no damage.
Lightning courses through something!!
Reactivating autopickup.
You feel a bit more experienced.
You hit the orc. The orc hits you with a +0 whip.
Edmund hits you with a +3 dire flail of holy wrath!
You convulse.
You emit a cloud of foul miasma!
Your Dodging skill increases to level 1!
You hit Edmund but do no damage. You hit the orc.
You hit the orc but do no damage. The orc barely misses you.
You block the orc's attack.
Edmund is engulfed in dark miasma.
Edmund is poisoned.
Edmund seems to slow down.
Edmund hits you with a +3 dire flail of holy wrath!
You convulse!
* * * LOW HITPOINT WARNING * * *
A demonic guardian appears!
The orc hits you with a +0 whip.
* * * LOW HITPOINT WARNING * * *
Edmund is engulfed in dark miasma.
Edmund looks even sicker.
You block Edmund's attack. The orc hits you with a +0 hand axe.
* * * LOW HITPOINT WARNING * * *
Unknown command.
Unknown command.
The orc attacks as you move away! The orc hits you with a +0 hand axe.
You die...

#......###
#...####...
##......#
#..### ####
#.......# #..#
# ........##
#.## #
##.......# ..#
#
##......####..#
# ##.......#..#
# #......5...#
# #...o@.....#
#
#...)o@......#
#
#........##...
#......### #..
........# #.
.........#
..........
#..#####..


You could see Edmund (very poisoned, slow, ally target), 2 orcs and a friendly
shadow imp (summoned).

Vanquished Creatures
  A black bear (D:5)
  2 hounds (D:4)
  An orc priest (D:5)
  Jessica (D:3)
  An orc wizard (D:5)
  Robin (D:3)
  5 adders
  A shadow imp (D:4)
  3 worms
  3 dart slugs
  2 orcs
  7 bats
  6 endoplasms
  7 giant cockroaches
  14 goblins
  12 hobgoblins
  3 jackals (D:2)
  8 kobolds
  5 quokkas
  10 ball pythons
  5 frilled lizards
  5 rats
103 creatures vanquished.

Notes
Turn   | Place    | Note
-------+----------+-------------------------------------------
     0 | D:1      | Morbidden the Demonspawn Fighter began the quest for the
                  | Orb.
     0 | D:1      | Reached XP level 1. HP: 18/18 MP: 1/1
   107 | D:1      | Discovered your monstrous ancestry.
   107 | D:1      | Gained mutation: You have a small tail. [demonic ancestry]
   107 | D:1      | Reached XP level 2. HP: 18/24 MP: 2/2
   211 | D:1      | Reached skill level 2 in Axes
   599 | D:1      | Gained mutation: You may rarely emit foul miasma when
                  | damaged in melee. [demonic ancestry]
   599 | D:1      | Reached XP level 3. HP: 29/29 MP: 3/3
   735 | D:1      | Found a faded altar of an unknown god.
  1259 | D:2      | Found a burning altar of Makhleb.
  1483 | D:2      | Reached XP level 4. HP: 35/35 MP: 4/4
  1768 | D:3      | Noticed Jessica
  1807 | D:3      | Killed Jessica
  1808 | D:3      | Reached skill level 3 in Axes
  2205 | D:3      | Found an ancient bone altar of Kikubaaqudgha.
  2216 | D:3      | Noticed Robin
  2232 | D:3      | Killed Robin
  2233 | D:3      | Gained mutation: A weak demonic guardian rushes to your
                  | aid. [demonic ancestry]
  2233 | D:3      | Reached XP level 5. HP: 29/41 MP: 3/5
  3158 | D:4      | Learned a level 3 spell: Vampiric Draining
  3643 | D:4      | Reached skill level 4 in Axes
  3978 | D:5      | Entered Level 5 of the Dungeon
  4013 | D:5      | Reached XP level 6. HP: 45/48 MP: 6/6
  4121 | D:5      | Noticed Edmund
  4131 | D:5      | Reached skill level 1 in Dodging
  4131 | D:5      | HP: 2/48 [orc/+0 hand axe (3)]
  4132 | D:5      | Slain by an orc

Illustrated notes

Levels and vault maps discovered:
D:1:      kilobyte_arrival_exit_the_forest, layout_rooms,
          shapermc_ecumenical_altar_acropolis,
          wander_ebering_terrifying_dragon_lair
D:2:      layout_basic, basic_altar
D:3:      layout_loops_ring, mainiacjoe_overflow_catwalk, corner_web_ring,
          palyth_stone_intersect, minmay_hedge_maze, uniq_robin, uniq_jessica
D:4:      kb_forest_paths, layout_basic
D:5:      gammafunk_cloud_chamber, layout_layer_cave, serial_shops, shop,
          uniq_menkaure, uniq_grinder, uniq_edmund, uniq_eustachio

Skill      XL: |  1  2  3  4  5  6 |
---------------+-------------------+-----
Axes           | 2 3 4 |  4.6
Armour         | 3 |  3.7
Shields        | 3 |  3.3
Dodging        | 1 |  1.0
Fighting       | |  3.9
Stealth        | |  0.3
Spellcasting   | |  0.6
Necromancy     | |  0.7

Action                   |  1- 3 |  4- 6 || total
-------------------------+-------+-------++-------
Melee: War axe           |   115 |   115 ||   230
       Tailslap          |    11 |    14 ||    25
  Use: Potion            |       |     1 ||     1
Armor: Scale mail        |    56 |       ||    56
       Chain mail        |     1 |    82 ||    83
Dodge: Dodged            |    53 |    37 ||    90
Block: Buckler           |    26 |    34 ||    60

Table legend: (Time is in decaauts)
 A = Elapsed time spent in this place.
 B = Non-inter-level travel time spent in this place.
 C = Inter-level travel time spent in this place.
 D = Time resting spent in this place.
 E = Time spent auto-exploring this place.
 F = Levels seen in this place.
 G = Mean time per level.
                   A        B        C        D        E       F      G
               +--------+--------+--------+--------+--------+-----+--------+
         Total |   4227 |   4124 |    103 |    227 |   3224 |   5 |  845.4 |
       Dungeon |   4227 |   4124 |    103 |    227 |   3224 |   5 |  845.4 |
               +--------+--------+--------+--------+--------+-----+--------+

Top non-repeatable levels by time:
     D:3: 1282 daAuts
     D:4: 967 daAuts
     D:2: 923 daAuts
     D:1: 893 daAuts
     D:5: 160 daAuts
